 Dungeon Crawl Stone Soup version 0.16.1-2-g95b8d4c (webtiles) character file.

8038 Joshi the Spear-Bearer (level 11, -2/97 HPs)
             Began as a Minotaur Berserker on Mar 25, 2015.
             Was a High Priest of Trog.
             Killed from afar by an electric eel (14 damage)
             ... with a bolt of electricity
             ... on level 1 of the Lair of Beasts.
             The game lasted 02:28:32 (12434 turns).

Joshi the Spear-Bearer (Minotaur Berserker)        Turns: 12434, Time: 02:28:33

Health: -2/97      AC: 11    Str: 26    XL:     11   Next: 4%
Magic:  4/4        EV: 18    Int:  4    God:    Trog [*****.]
Gold:   432        SH:  0    Dex: 14    Spells: 0 memorised, 10 levels left

rFire  . . .     SeeInvis .     h - +0 hunting sling
rCold  + . .     Clarity  .     Q - +1 chain mail {MR+}
rNeg   . . .     SustAb   .     (no shield)
rPois  .         Gourm    .     (helmet restricted)
rElec  .         Spirit   .     (no cloak)
rCorr  .         Warding  .     F - +0 pair of gloves
rMut   .         Stasis   .     W - +0 pair of boots
MR     ++...                    (no amulet)
Stlth  ..........               J - +3 ring of strength
                                I - +5 ring of evasion

@: very resistant to hostile enchantments, extremely unstealthy
A: retaliatory headbutt, horns 2, agile 1, blink 1, cold resistance 1, deformed
body, magic resistance 1, evolution 1
a: Blink, Burn Spellbooks, Berserk, Trog's Hand, Brothers in Arms, Renounce
Religion


You were on level 1 of the Lair of Beasts.
You worshipped Trog.
Trog was extremely pleased with you.
You were not hungry.

You visited 3 branches of the dungeon, and saw 11 of its levels.

You collected 432 gold pieces.

Inventory:

Hand weapons
 h - a +0 hunting sling (weapon)
 r - a +0 hunting sling
 v - a +0 bardiche
 L - a +1 dagger of flaming
 P - a +0 glaive
Missiles
 d - 20 silver sling bullets
 k - 91 sling bullets (quivered)
 T - 19 exploding sling bullets
Armour
 l - a +1 robe of fire resistance
 F - a +0 pair of gloves (worn)
 M - a +1 robe of positive energy
 Q - a +1 chain mail of magic resistance (worn)
 W - a +0 pair of boots (worn)
Jewellery
 o - an uncursed ring of magical power
 A - an uncursed ring of fire
 I - a +5 ring of evasion (left hand)
 J - a +3 ring of strength (right hand)
Magical devices
 g - a wand of random effects (14)
 j - a wand of paralysis (10)
 C - a wand of confusion (39)
Scrolls
 c - 2 scrolls of fear
 f - a scroll of enchant weapon
 i - 2 scrolls of blinking
 n - a scroll of acquirement
 t - 3 scrolls of teleportation
 w - 3 scrolls of enchant armour
 y - a scroll of amnesia
 z - a scroll of noise
 K - a scroll of identify
 N - 3 scrolls of remove curse
 R - 2 scrolls of magic mapping
 X - 2 scrolls of recharging
Potions
 b - a potion of poison
 e - 3 potions of restore abilities
 m - 2 potions of brilliance
 p - a potion of invisibility
 q - a potion of flight
 u - a potion of berserk rage
 x - a potion of curing
 B - 2 potions of haste
 G - a potion of degeneration
 O - a potion of heal wounds {unknown}
Comestibles
 s - 2 meat rations
 D - a royal jelly
 E - 2 bread rations
 H - 7 slices of pizza
 S - 4 beef jerkies


   Skills:
 + Level 9.1 Fighting
 * Level 12.1 Polearms
 + Level 7.5 Slings
 + Level 8.9 Armour
 + Level 7.9 Dodging


You had 10 spell levels left.
You didn't know any spells.

Dungeon Overview and Level Annotations

Branches:
Dungeon (9/15)             Temple (1/1) D:7            Lair (1/8) D:9
    Orc: D:9-12

Altars:
Ashenzari
Cheibriados
Dithmenos
Elyvilon
Fedhas
Gozag
Kikubaaqudgha
Makhleb
Nemelex Xobeh
Okawaru
Qazlal
Ru
Sif Muna
Trog
Vehumet
Xom
Yredelemnul
Zin
The Shining One


Innate Abilities, Weirdness & Mutations

You reflexively headbutt those who attack you in melee.
You have a pair of horns on your head.
You are agile. (Dex +2)
You can translocate small distances at will.
Your flesh is cold resistant.
Armour fits poorly on your strangely shaped body.
You are resistant to hostile enchantments.
You evolve.


Message History

You hear a splash.
The electric eel shoots out a bolt of lightning at you!
The bolt of electricity hits you!
The electric eel shoots out a bolt of lightning at you!
The bolt of electricity hits you!
* * * LOW HITPOINT WARNING * * *
The electric eel shoots out a bolt of lightning at you!
The bolt of electricity hits the plant. x2
The bolt of electricity hits you!
* * * LOW HITPOINT WARNING * * *
The electric eel shoots out a bolt of lightning at you!
The bolt of electricity hits you!
* * * LOW HITPOINT WARNING * * *
Drink which item? (? for menu, Esc to quit)
You feel better.
A yak comes into view.
The yak bellows!
The electric eel shoots out a bolt of lightning at you!
The bolt of electricity hits you!
You die...

≈≈...≈P≈≈≈≈♣........###..........
≈P...≈PP≈≈≈♣..P###.## ##.........
P≈...≈r≈≈≈P♣.####..# #..........
≈≈≈...≈P≈PP♣.## ##.####[.........
≈≈...≈≈P≈;♣...###..##............
♣P;...≈≈.......###.##..Y.........
♣♣≈..♣≈.........##.#..^..........
♣≈.....#........#...............
♣♣....####.....@...............#
#...#.# ##...................##
####### ##.................##
##...............##
#.#....##.......##
####...###.#....# # ##..#
#####.## #. .#.# ### . ##.#


You could see a yak and an electric eel.

Vanquished Creatures
  The ghost of FiftyNine the Cudgeler, an experienced OpSu (D:6)
  2 spiny frogs (Lair:1)
  Grinder (D:3)
  5 blink frogs (Lair:1)
  A wyvern (D:9)
  A hog (D:8)
  2 hippogriffs
  A human (D:8)
  Eustachio (D:4)
  6 yaks (D:9)
  A hungry ghost (D:9)
  A porcupine (Lair:1)
  A sky beast (D:9)
  3 ice beasts
  2 black bears
  2 eyes of draining
  2 phantoms
  2 orc warriors
  A necrophage (D:6)
  5 ogres
  A crocodile (Lair:1)
  A big kobold (D:9)
  7 giant frogs
  3 scorpions
  5 killer bees (D:7)
  3 crimson imps
  A jelly (D:7)
  7 hounds
  A centaur zombie (D:6)
  4 wights (D:9)
  A centaur skeleton (D:7)
  A quasit (D:6)
  A giant frog skeleton (D:7)
  A giant frog zombie (D:6)
  A gnoll shaman (D:9)
  6 orc priests
  6 iguanas
  4 worker ants
  6 orc wizards
  3 sheep (D:8)
  A killer bee zombie (D:7)
  Ijyb (D:2)
  Jessica (D:3)
  A hound skeleton (D:7)
  A worker ant zombie (D:8)
  4 gnolls (D:9)
  12 adders
  6 river rats (Lair:1)
  2 shadow imps
  A worm (D:3)
  A giant mite (D:6)
  2 adder skeletons (D:9)
  2 giant geckos
  3 oozes
  22 orcs
  18 bats
  A bat skeleton (D:5)
  7 giant cockroaches
  7 goblins
  14 hobgoblins
  9 jackals
  16 kobolds
  8 quokkas
  2 ball pythons
  8 giant newts
  A giant spore (D:8)
  A hobgoblin zombie (D:9)
  A quokka zombie (D:7)
  23 rats
  7 ballistomycetes
  A butterfly (D:7)
  5 fungi (Lair:1)
  11 plants
304 creatures vanquished.

Vanquished Creatures (collateral kills)
  An iron imp (D:6)
  A shadow imp (D:6)
2 creatures vanquished.

Vanquished Creatures (others)
  A wight (D:9)
  A worker ant (D:9)
  An orc (D:9)
  A giant spore (D:9)
  2 fungi (Lair:1)
  6 plants (D:7)
12 creatures vanquished.

Grand Total: 318 creatures vanquished

Notes
Turn   | Place    | Note
--------------------------------------------------------------
     0 | D:1      | Joshi, the Minotaur Berserker, began the quest for the Orb.
     0 | D:1      | Reached XP level 1. HP: 19/19 MP: 1/1
   266 | D:1      | Reached XP level 2. HP: 27/27 MP: 1/1
   855 | D:1      | Acquired Trog's second power
   883 | D:1      | Found a snail-covered altar of Cheibriados.
   887 | D:1      | Reached skill level 4 in Polearms
  1082 | D:2      | Reached XP level 3. HP: 33/33 MP: 2/2
  1429 | D:2      | Reached skill level 1 in Slings
  1519 | D:2      | Reached XP level 4. HP: 38/40 MP: 2/2
  1539 | D:2      | Noticed Ijyb
  1551 | D:2      | Killed Ijyb
  1588 | D:2      | Found a deep blue altar of Sif Muna.
  1750 | D:3      | Reached XP level 5. HP: 33/47 MP: 2/2
  1967 | D:3      | Noticed Grinder
  1977 | D:3      | Killed Grinder
  1977 | D:3      | Reached skill level 5 in Polearms
  1977 | D:3      | Reached XP level 6. HP: 55/55 MP: 3/3
  2040 | D:3      | Gained mutation: Scrolls take you a little longer to read. [potion of mutation]
  2040 | D:3      | Gained mutation: You evolve. [potion of mutation]
  2040 | D:3      | Gained mutation: You can translocate small distances at will. [potion of mutation]
  2290 | D:3      | Noticed Jessica
  2312 | D:3      | Killed Jessica
  2318 | D:3      | Reached skill level 5 in Fighting
  2449 | D:3      | Reached skill level 6 in Polearms
  2596 | D:4      | Reached XP level 7. HP: 30/61 MP: 3/3
  2880 | D:4      | Acquired Trog's third power
  3336 | D:4      | Noticed Eustachio
  3351 | D:4      | Killed Eustachio
  3691 | D:5      | Entered Level 5 of the Dungeon
  3772 | D:5      | Gained mutation: You expend magic power (3 MP) to slightly strengthen your wands. [evolution]
  3840 | D:5      | Reached skill level 7 in Polearms
  4136 | D:5      | Found a bloodstained altar of Trog.
  4186 | D:5      | Reached XP level 8. HP: 70/70 MP: 3/3
  4253 | D:5      | Found a snail-covered altar of Cheibriados.
  4344 | D:5      | Reached skill level 5 in Armour
  4517 | D:5      | Gained mutation: You are resistant to hostile enchantments. [evolution]
  4648 | D:6      | Reached skill level 5 in Dodging
  4727 | D:6      | Received a gift from Trog
  4952 | D:6      | Noticed FiftyNine's ghost (experienced OpSu)
  5338 | D:7      | Reached skill level 8 in Polearms
  5603 | D:7      | Found a shadowy altar of Dithmenos.
  5665 | D:7      | Lost mutation: Scrolls take you a little longer to read. [evolution]
  5674 | D:7      | Found a staircase to the Ecumenical Temple.
  5815 | D:7      | Found a stormy altar of Qazlal.
  5815 | D:7      | Found an ancient bone altar of Kikubaaqudgha.
  6123 | D:7      | Reached XP level 9. HP: 23/78 MP: 4/4
  6501 | D:7      | Reached skill level 9 in Polearms
  6874 | D:7      | Reached skill level 5 in Slings
  7064 | D:6      | Gained mutation: Your flesh is cold resistant. [evolution]
  7689 | D:6      | Killed FiftyNine's ghost
  7723 | Temple   | Entered the Ecumenical Temple
  7942 | D:8      | Reached skill level 10 in Polearms
  8042 | D:8      | Found a shattered altar of Ashenzari.
  9094 | D:8      | Reached XP level 10. HP: 86/88 MP: 4/4
  9228 | D:9      | Lost mutation: You expend magic power (3 MP) to slightly strengthen your wands. [mutagenic meat]
  9230 | D:9      | Gained mutation: Armour fits poorly on your strangely shaped body. [mutagenic meat]
  9285 | D:9      | Found a shimmering altar of Xom.
  9320 | D:9      | Reached skill level 11 in Polearms
  9324 | D:9      | Received a gift from Trog
  9427 | D:9      | Found a staircase to the Lair.
  9790 | D:9      | Received a gift from Trog
 10232 | D:9      | Identified a scroll of acquirement
 10428 | Lair:1   | Entered Level 1 of the Lair of Beasts
 10543 | Lair:1   | Gained mutation: You are agile. (Dex +2) [evolution]
 11427 | Lair:1   | Reached skill level 12 in Polearms
 11434 | Lair:1   | Received a gift from Trog
 11730 | Lair:1   | Reached XP level 11. HP: 83/97 MP: 4/4
 12432 | Lair:1   | HP: 2/97 [electric eel/bolt of electricity (11)]
 12434 | Lair:1   | Killed from afar by an electric eel

Action                   |  1- 3 |  4- 6 |  7- 9 | 10-12 || total
-------------------------+-------+-------+-------+-------++-------
Melee: Spear             |   169 |    98 |   369 |       ||   636
       Glaive            |       |       |   148 |   288 ||   436
       Bardiche          |       |       |    65 |       ||    65
       Trident           |       |       |    12 |       ||    12
 Fire: Hunting sling     |     8 |    10 |    14 |    11 ||    43
Throw: Stone             |       |       |     1 |       ||     1
Invok: Berserk           |     2 |     3 |     7 |     4 ||    16
       Trog's Hand       |       |     3 |     6 |     2 ||    11
       Burn Spellbooks   |       |       |     2 |       ||     2
       Brothers in Arms  |       |       |     1 |       ||     1
Evoke: Wand              |       |       |     6 |     3 ||     9
  Use: Scroll            |     7 |     6 |     2 |     7 ||    22
       Potion            |       |     4 |     4 |     3 ||    11
 Stab: Paralysed         |       |       |       |     5 ||     5
       Distracted        |       |       |       |     1 ||     1
  Eat: Bread ration      |     1 |       |     6 |     3 ||    10
       Meat ration       |       |     1 |       |       ||     1
       Chunk             |       |     1 |     8 |     5 ||    14
